 Dungeon Crawl Stone Soup version 0.25.1-4-g9407a263a5 (webtiles) character file.

Game seed: 12535765073218140127

218 Clowwww the Chopper (level 5, -9/41 HPs)
             Began as a Demonspawn Gladiator on Nov 28, 2020.
             Killed by divine providence
             ... invoked by an orc priest
              (10 damage)
             ... on level 3 of the Dungeon.
             The game lasted 00:09:21 (2957 turns).

Clowwww the Chopper (Demonspawn Gladiator)          Turns: 2957, Time: 00:09:21

Health: -9/41      AC:  5    Str: 15    XL:     5   Next: 63%
Magic:  5/5        EV: 13    Int:  9    God:
Gold:   55         SH:  0    Dex: 15    Spells: 4/4 levels left

rFire    . . .     SeeInvis .   a - +0 war axe
rCold    + . .     Gourm    .   (no shield)
rNeg     . . .     Faith    .   b - +0 leather armour
rPois    .         Spirit   .   (helmet restricted)
rElec    .         Reflect  .   (no cloak)
rCorr    .         Harm     .   (no gloves)
MR       .....                  (no boots)
Stlth    +.........             (no amulet)
HPRegen  0.13/turn              (no ring)
MPRegen  0.09/turn              (no ring)

@: hasted, very quick
A: antennae 1, yellow scales 1, cold resistance 1, powered by pain 1
a: no special abilities


You were on level 3 of the Dungeon.
You were not hungry.

You visited 1 branch of the dungeon, and saw 3 of its levels.

You collected 55 gold pieces.

Inventory:

Hand Weapons
 a - a +0 war axe (weapon)
Missiles
 d - 3 throwing nets (quivered)
Armour
 b - a +0 leather armour (worn)
 c - a +0 helmet
Jewellery
 i - a cursed -4 ring of dexterity {unknown}
 o - an uncursed ring of protection from cold {unknown}
Wands
 l - a wand of acid (9)
Scrolls
 h - 5 scrolls of identify {unknown}
 j - a scroll of teleportation {unknown}
 m - a scroll of immolation {unknown}
 n - a scroll of fog {unknown}
 p - a scroll of fear {unknown}
Potions
 e - a potion of haste
 g - a potion of brilliance {unknown}
 k - a potion of heal wounds {unknown}
 q - a potion of lignification {unknown}
 r - a potion of cancellation {unknown}
Comestibles
 f - 4 rations


   Skills:
 + Level 3.0 Fighting
 + Level 4.5 Axes
 + Level 1.8 Throwing
 + Level 1.6 Armour
 + Level 3.2 Dodging
 + Level 0.8 Stealth


You had 4 spell levels left.
You didn't know any spells.
Your spell library was empty.

Dungeon Overview and Level Annotations

Branches:
Dungeon (3/15)

Altars:


Innate Abilities, Weirdness & Mutations

You have a pair of small antennae on your head.
You are partially covered in yellow scales. (AC +2)
Your flesh is cold resistant. (rC+)
You sometimes gain a little power by taking damage.


Message History

The orc priest shouts!
You slash the adder!
You kill the adder!
Your Fighting skill increases to level 3!
You feel sick.
A gnoll comes into view. It is wielding a +0 spear.
You hear the slow rusting of a distant drain.
The orc hits you but does no damage.
You feel sick.
You are no longer poisoned.
You see here a sedimented orange potion.
r - a sedimented orange potion An orc wizard comes into view.
It is wielding a +0 dagger.
The gnoll shouts!
The gnoll hits you from afar with a +0 spear!
* * * LOW HITPOINT WARNING * * *
A rat comes into view.
The orc priest invokes the aid of Beogh against you.
Beogh smites you!
You die...

# #.#.#.# ..#
#.#.#.#.#...##
#.#.#.#o#.....'
......†g.g....#
....#..o#goo..#
.# ##..###.o.#
#o.# #.gg#
#..###...####
#.>ooo....@.#
###########.#
.# r# +#


You could see an orc priest, 3 gnolls, 3 orcs and a rat (asleep).

Vanquished Creatures
  A hound (D:2)
  Natasha (twice) (D:2)
  Ijyb (D:2)
  3 adders
  2 oozes (D:1)
  3 worms (D:2)
  2 dart slugs (D:1)
  2 leopard geckos (D:1)
  5 giant cockroaches
  9 goblins
  3 hobgoblins (D:2)
  7 jackals
  2 quokkas (D:2)
  A ball python (D:1)
  8 bats
  5 frilled lizards
  6 kobolds
  6 rats
68 creatures vanquished.

Vanquished Creatures (others)
  A kobold (D:3)
1 creature vanquished.

Grand Total: 69 creatures vanquished

Notes
Turn   | Place    | Note
-------+----------+-------------------------------------------
     0 | D:1      | Clowwww the Demonspawn Gladiator began the quest for the
                  | Orb.
     0 | D:1      | Reached XP level 1. HP: 16/16 MP: 1/1
   261 | D:1      | Reached skill level 3 in Axes
   261 | D:1      | Gained mutation: You have a pair of small antennae on your
                  | head. [demonic ancestry]
   261 | D:1      | Reached XP level 2. HP: 22/22 MP: 2/2
   537 | D:1      | Gained mutation: Your flesh is cold resistant. (rC+)
                  | [demonic ancestry]
   537 | D:1      | Reached XP level 3. HP: 20/28 MP: 3/3
  1322 | D:2      | Noticed Natasha
  1335 | D:2      | Killed Natasha
  1335 | D:2      | Gained mutation: You sometimes gain a little power by
                  | taking damage. [demonic ancestry]
  1335 | D:2      | Reached XP level 4. HP: 14/34 MP: 4/4
  1583 | D:2      | Noticed Natasha
  1591 | D:2      | Killed Natasha
  1591 | D:2      | Reached skill level 4 in Axes
  1591 | D:2      | Reached skill level 1 in Armour
  1661 | D:2      | Gained mutation: You are partially covered in yellow
                  | scales. (AC +2) [demonic ancestry]
  1661 | D:2      | Reached XP level 5. HP: 25/40 MP: 5/5
  2126 | D:2      | Noticed Ijyb
  2148 | D:2      | Killed Ijyb
  2647 | D:2      | Found a faded altar of an unknown god.
  2956 | D:3      | HP: 1/41 [gnoll/+0 spear (7)]
  2957 | D:3      | Killed from afar by an orc priest

Illustrated notes

Levels and vault maps discovered:
D:1:      onia_arrival_handbag, layout_basic, chequers_serial_rivers_marsh,
          chequers_serial_rivers_small_a
D:2:      kennysheep_the_goblin_king, layout_basic,
          chequers_ecumenical_altar_grove, serial_bayou_lake_a, uniq_natasha
D:3:      kennysheep_slugbush, layout_basic, lemuel_doored_altar,
          portal_sewer_entry_a, minmay_misc_feat_rows

Skill      XL: |  1  2  3  4  5 |
---------------+----------------+-----
Axes           | 3 4 |  4.5
Dodging        | 3 |  3.2
Armour         | 1 |  1.6
Fighting       | 3 |  3.0
Throwing       | |  1.8
Stealth        | |  0.8

Action                   |  1- 3 |  4- 6 || total
-------------------------+-------+-------++-------
Melee: War axe           |   107 |    92 ||   199
  Use: Potion            |       |     1 ||     1
 Stab: Sleeping          |     2 |       ||     2
  Eat: Chunk             |     1 |     4 ||     5
       Ration            |       |     1 ||     1
Armor: Leather armour    |    39 |    21 ||    60
Dodge: Dodged            |    77 |    72 ||   149
